Predators vs BlackHawks

Created - November 16 2010 at 17:21

Goals
1 2 3 T
Predators 1 2 1 4
BlackHawks 0 0 0 0
Shots
1 2 3 T
Predators 7 11 9 27
BlackHawks 10 6 9 25

Period #1

1. Predators , Jeff Carter 9 (Patrik Elias, Derek Morris) at 7:00

Penalties :
Nicklas Backstrom (NSH) for Roughing (Minor) at 3:41, Tomas Kaberle (NSH) for Hooking (Minor) at 8:00, Nicklas Backstrom (NSH) for Hooking (Minor) at 12:07, Alexandre Burrows (NSH) for Interference (Minor) at 13:58, Alexandre Burrows (NSH) for Roughing (Minor) at 16:46

Period #2

2. Predators , Nicklas Backstrom 5 (Steven Stamkos, Alexandre Burrows) at 8:56
3. Predators , Jeff Carter 10 (Simon Gagne, Brent Burns) at 19:24 (PP)

Penalties :
Nicklas Backstrom (NSH) for Hooking (Minor) at 0:13, Adam Foote (CHI) for Hooking (Minor) at 2:43, John Erskine (CHI) for Roughing (Minor) at 6:19, Tim Gleason (CHI) for Holding (Minor) at 13:56, Eric Nystrom (NSH) for Hooking (Minor) at 16:43, Chris Neil (CHI) for Roughing (Minor) at 19:12, Samuel Pahlsson (CHI) for Hooking (Minor) at 19:33

Period #3

4. Predators , Brent Burns 3 (Simon Gagne, Patric Hornqvist) at 19:22 (PP)

Penalties :
Tim Gleason (CHI) for Roughing (Minor) at 0:31, John Erskine (CHI) for Fighting (Major) at 3:38, Simon Gagne (NSH) for Fighting (Major) at 3:38, John Erskine (CHI) for instigated a fight (Game Misconduct) at 3:38, Derek Morris (NSH) for Roughing (Minor) at 7:16, Tyler Kennedy (CHI) for Hooking (Minor) at 18:54, Eric Nystrom (NSH) for Hooking (Minor) at 19:38

Goalie Stats

Pekka Rinne (NSH), 25 saves from 25 shots - (1.000), W, 18-1-0, 60:00 minutes
Mathieu Garon (CHI), 23 saves from 27 shots - (0.852), L, 0-3-0, 60:00 minutes

Players Stats

Predators
Player Name              G  A  P  +/- PIM S  H  SB FO    MP 
------------------------------------------------------------
Alexandre Burrows        0  1  1   1  4   1  4  0  0/0   17 
Braydon Coburn           0  0  0   1  0   1  4  0  0/0   18 
Brent Burns              1  1  2   0  0   2  2  0  0/0   17 
Cody Franson             0  0  0   0  0   0  1  2  0/0   10 
David Legwand            0  0  0   0  0   0  0  0  6/15  11 
Derek Morris             0  1  1   1  2   0  1  0  0/0   14 
Eric Nystrom             0  0  0   0  4   1  2  0  1/1   11 
Jeff Carter              2  0  2   1  0   8  2  0  15/28 21 
Nicklas Backstrom        1  0  1   1  6   3  0  0  3/14  19 
Patric Hornqvist         0  1  1   0  0   0  0  0  2/3   16 
Patrik Elias             0  1  1   1  0   1  1  0  1/1   18 
Scottie Upshall          0  0  0   1  0   1  1  0  1/1   14 
Shea Weber               0  0  0   0  0   1  4  1  0/0   19 
Simon Gagne              0  2  2   0  5   3  0  0  0/1   16 
Steven Stamkos           0  1  1   1  0   1  0  0  9/19  12 
Thomas Vanek             0  0  0   0  2   0  2  0  0/1   15 
Tomas Kaberle            0  0  0   1  2   2  1  0  0/0   16 
Zbynek Michalek          0  0  0   1  0   2  0  2  0/0   19 
BlackHawks
Player Name              G  A  P  +/- PIM S  H  SB FO    MP 
------------------------------------------------------------
Adam Foote               0  0  0   0  2   1  1  0  0/0   15 
Artem Anisimov           0  0  0   0  0   2  1  0  7/16  13 
Chris Campoli            0  0  0  -2  0   1  0  1  0/0   13 
Chris Neil               0  0  0   0  2   2  3  0  2/2   19 
Hal Gill                 0  0  0   0  0   0  1  2  0/0   17 
John Erskine             0  0  0   0  17  1  1  1  0/0   12 
Josh Bailey              0  0  0   0  0   4  0  0  9/15  18 
Mattias Ohlund           0  0  0   0  0   3  0  1  0/0   18 
Patrick Kane             0  0  0   0  0   0  1  0  2/2   22 
Patrick Sharp            0  0  0  -2  0   3  2  0  1/2   23 
Paul Kariya              0  0  0   0  0   4  0  1  1/2   18 
Petr Sykora              0  0  0  -2  0   2  0  0  0/0   6  
Ron Hainsey              0  0  0   0  0   2  0  0  0/0   22 
Samuel Pahlsson          0  0  0   0  2   0  0  0  12/19 15 
Tim Gleason              0  0  0  -2  4   0  3  1  0/0   20 
Tyler Kennedy            0  0  0   0  2   0  0  0  1/2   14 
Wayne Primeau            0  0  0   0  0   0  0  1  7/17  17 
Zenon Konopka            0  0  0  -2  0   0  1  0  4/7   7  

3 Stars

1 - Pekka Rinne (NSH)
2 - Jeff Carter (NSH)
3 - Brent Burns (NSH)

Power Play

Predators - 2 on 8 Attempt(s) - 25.00%
BlackHawks - 0 on 9 Attempt(s) - 0.00%

Penalty Kill

Predators - 9 on 9 Attempt(s) - 100.00% - Score 0 goal in Penalty Kill
BlackHawks - 6 on 8 Attempt(s) - 75.00% - Score 0 goal in Penalty Kill

Game Notes

John Erskine beats up Simon Gagne at 3:38 of 3rd period
John Erskine ejected from game at 3:38 of 3rd period

Finance

Level 1 -- Attendance: 6500 (100.00%) -- Ticket Income $552,500.00
Level 2 -- Attendance: 3972 (79.44%) -- Ticket Income $218,460.00
Level 3 -- Attendance: 3500 (100.00%) -- Ticket Income $105,000.00
Level 4 -- Attendance: 2724 (60.53%) -- Ticket Income $54,480.00
Luxury Box -- Attendance: 993 (99.30%) -- Ticket Income $173,775.00
Game was played at the United Center
Total Attendance: 17689 (86.29%)
Total Ticket Income: $1,194,890.00
Other Income: $199,554.90
Total Income: $1,394,445.00


Play by Play

Period #1

0:01 of 1st period - Artem Anisimov wins face-off versus Patric Hornqvist in neutral zone.
0:12 of 1st period - Patrick Sharp is hit by Shea Weber and loses puck.
0:17 of 1st period - Shot by Patrick Sharp.
0:17 of 1st period - Stopped by Pekka Rinne without a rebound.
0:18 of 1st period - Jeff Carter wins face-off versus Samuel Pahlsson in Predators zone.
0:39 of 1st period - Shot by Jeff Carter.
0:39 of 1st period - Stopped by Mathieu Garon with a rebound.
0:41 of 1st period - Shot by Scottie Upshall.
0:41 of 1st period - Stopped by Mathieu Garon without a rebound.
0:42 of 1st period - Paul Kariya wins face-off versus Steven Stamkos in BlackHawks zone.
0:54 of 1st period - Icing by Wayne Primeau.
0:55 of 1st period - Patric Hornqvist wins face-off versus Wayne Primeau in BlackHawks zone.
1:54 of 1st period - Shot by Jeff Carter.
1:54 of 1st period - Stopped by Mathieu Garon without a rebound.
1:55 of 1st period - Steven Stamkos wins face-off versus Samuel Pahlsson in BlackHawks zone.
2:02 of 1st period - Icing by John Erskine.
2:03 of 1st period - Jeff Carter wins face-off versus Samuel Pahlsson in BlackHawks zone.
2:08 of 1st period - Shot by Jeff Carter.
2:08 of 1st period - Shot Misses the Net.
2:24 of 1st period - Shot by Scottie Upshall.
2:24 of 1st period - Shot Blocked by John Erskine.
2:42 of 1st period - Ron Hainsey is hit by Jeff Carter and loses puck.
3:41 of 1st period - Minor Penalty to Nicklas Backstrom for Roughing.
3:42 of 1st period - David Legwand wins face-off versus Josh Bailey in Predators zone.
3:48 of 1st period - Icing by Paul Kariya.
3:49 of 1st period - David Legwand wins face-off versus Josh Bailey in BlackHawks zone.
4:02 of 1st period - Shot by Josh Bailey.
4:02 of 1st period - Stopped by Pekka Rinne with a rebound.
4:04 of 1st period - Shot by Chris Campoli.
4:04 of 1st period - Stopped by Pekka Rinne without a rebound.
4:05 of 1st period - David Legwand wins face-off versus Artem Anisimov in Predators zone.
5:28 of 1st period - Patrick Kane is hit by Cody Franson and loses puck.
5:31 of 1st period - Shot by John Erskine.
5:31 of 1st period - Shot Hit the Post.
5:33 of 1st period - Shot by John Erskine.
5:33 of 1st period - Stopped by Pekka Rinne without a rebound.
5:34 of 1st period - Chris Neil wins face-off versus David Legwand in Predators zone.
5:39 of 1st period - Shot by Chris Campoli.
5:39 of 1st period - Deflect By Chris Neil.
5:39 of 1st period - Shot Misses the Net.
5:44 of 1st period - Paul Kariya is hit by Shea Weber and loses puck.
5:47 of 1st period - Shot by Wayne Primeau.
5:47 of 1st period - Shot Misses the Net.
7:00 of 1st period - Shot by Jeff Carter.
7:00 of 1st period - Goal by Jeff Carter - Predators : 1 - BlackHawks : 0.
7:01 of 1st period - Samuel Pahlsson wins face-off versus Steven Stamkos in neutral zone.
7:29 of 1st period - Shot by Patrick Kane.
7:29 of 1st period - Shot Misses the Net.
7:34 of 1st period - Icing by Zbynek Michalek.
7:35 of 1st period - Steven Stamkos wins face-off versus Artem Anisimov in Predators zone.
7:35 of 1st period - Steven Stamkos is hit by Tim Gleason.
8:00 of 1st period - Minor Penalty to Tomas Kaberle for Hooking.
8:01 of 1st period - Jeff Carter wins face-off versus Artem Anisimov in Predators zone.
8:01 of 1st period - Jeff Carter is hit by Artem Anisimov.
8:11 of 1st period - Derek Morris is hit by Patrick Sharp and loses puck.
8:23 of 1st period - Patrick Sharp is hit by Derek Morris and loses puck.
8:35 of 1st period - Patrick Kane is hit by Braydon Coburn.
9:00 of 1st period - Off-side.
9:01 of 1st period - Jeff Carter wins face-off versus Josh Bailey in neutral zone.
9:50 of 1st period - Shot by Patrick Kane.
9:50 of 1st period - Shot Blocked by Zbynek Michalek.
9:54 of 1st period - Shot by Patrick Sharp.
9:54 of 1st period - Shot Misses the Net.
10:00 of 1st period - Shot by Patrick Kane.
10:00 of 1st period - Shot Misses the Net.
10:02 of 1st period - Shot by Wayne Primeau.
10:02 of 1st period - Shot Misses the Net.
10:24 of 1st period - Shot by Chris Neil.
10:24 of 1st period - Stopped by Pekka Rinne without a rebound.
10:25 of 1st period - Scottie Upshall wins face-off versus Samuel Pahlsson in Predators zone.
10:53 of 1st period - Shot by Jeff Carter.
10:53 of 1st period - Shot Misses the Net.
11:09 of 1st period - Shot by Nicklas Backstrom.
11:09 of 1st period - Stopped by Mathieu Garon without a rebound.
11:10 of 1st period - Steven Stamkos wins face-off versus Zenon Konopka in BlackHawks zone.
11:45 of 1st period - Tim Gleason is hit by Braydon Coburn and loses puck.
12:07 of 1st period - Minor Penalty to Nicklas Backstrom for Hooking.
12:08 of 1st period - Josh Bailey wins face-off versus Jeff Carter in Predators zone.
12:33 of 1st period - Icing by Chris Campoli.
12:34 of 1st period - Jeff Carter wins face-off versus Josh Bailey in BlackHawks zone.
12:44 of 1st period - Icing by Josh Bailey.
12:45 of 1st period - Tyler Kennedy wins face-off versus David Legwand in BlackHawks zone.
12:49 of 1st period - Off-side.
12:50 of 1st period - Artem Anisimov wins face-off versus Jeff Carter in neutral zone.
12:50 of 1st period - Patrick Kane is hit by Eric Nystrom and loses puck.
12:55 of 1st period - Cody Franson is hit by Patrick Kane.
13:08 of 1st period - Off-side.
13:09 of 1st period - Patrick Kane wins face-off versus David Legwand in neutral zone.
13:14 of 1st period - Shot by Patrick Kane.
13:14 of 1st period - Deflect By Patrick Sharp.
13:14 of 1st period - Shot Misses the Net.
13:18 of 1st period - Shot by Mattias Ohlund.
13:18 of 1st period - Stopped by Pekka Rinne without a rebound.
13:19 of 1st period - Artem Anisimov wins face-off versus Jeff Carter in Predators zone.
13:42 of 1st period - Shot by Patrick Kane.
13:42 of 1st period - Shot Blocked by Cody Franson.
13:47 of 1st period - Shot by John Erskine.
13:47 of 1st period - Shot Misses the Net.
13:58 of 1st period - Minor Penalty to Alexandre Burrows for Interference.
13:59 of 1st period - Josh Bailey wins face-off versus David Legwand in Predators zone.
16:03 of 1st period - Off-side.
16:04 of 1st period - Zenon Konopka wins face-off versus Nicklas Backstrom in neutral zone.
16:21 of 1st period - Shot by Nicklas Backstrom.
16:21 of 1st period - Shot Blocked by Chris Campoli.
16:25 of 1st period - Shot by Nicklas Backstrom.
16:25 of 1st period - Shot Misses the Net.
16:27 of 1st period - Shot by Shea Weber.
16:27 of 1st period - Stopped by Mathieu Garon without a rebound.
16:28 of 1st period - Jeff Carter wins face-off versus Wayne Primeau in BlackHawks zone.
16:37 of 1st period - Shot by Jeff Carter.
16:37 of 1st period - Stopped by Mathieu Garon without a rebound.
16:38 of 1st period - Steven Stamkos wins face-off versus Samuel Pahlsson in BlackHawks zone.
16:41 of 1st period - Shot by Alexandre Burrows.
16:41 of 1st period - Shot Misses the Net.
16:46 of 1st period - Minor Penalty to Alexandre Burrows for Roughing.
16:47 of 1st period - Jeff Carter wins face-off versus Artem Anisimov in Predators zone.
17:30 of 1st period - Shot by Ron Hainsey.
17:30 of 1st period - Shot Misses the Net.
17:32 of 1st period - Shot by Tyler Kennedy.
17:32 of 1st period - Shot Hit the Post.
17:34 of 1st period - Shot by Ron Hainsey.
17:34 of 1st period - Stopped by Pekka Rinne without a rebound.
17:35 of 1st period - Josh Bailey wins face-off versus Jeff Carter in Predators zone.
18:00 of 1st period - Shot by Tyler Kennedy.
18:00 of 1st period - Deflect By Josh Bailey.
18:00 of 1st period - Shot Misses the Net.
18:20 of 1st period - Shot by Patrick Sharp.
18:20 of 1st period - Shot Misses the Net.
18:22 of 1st period - Shot by Patrick Sharp.
18:22 of 1st period - Shot Misses the Net.
18:24 of 1st period - Shot by Mattias Ohlund.
18:24 of 1st period - Stopped by Pekka Rinne without a rebound.
18:25 of 1st period - Chris Neil wins face-off versus David Legwand in Predators zone.
18:26 of 1st period - Shot by Artem Anisimov.
18:26 of 1st period - Deflect By Petr Sykora.
18:26 of 1st period - Stopped by Pekka Rinne without a rebound.
18:27 of 1st period - David Legwand wins face-off versus Artem Anisimov in Predators zone.
19:04 of 1st period - Icing by Adam Foote.
19:05 of 1st period - Jeff Carter wins face-off versus Wayne Primeau in BlackHawks zone.
19:54 of 1st period - Shot by Josh Bailey.
19:54 of 1st period - Stopped by Pekka Rinne without a rebound.
19:55 of 1st period - Steven Stamkos wins face-off versus Zenon Konopka in Predators zone.
19:55 of 1st period - Steven Stamkos is hit by Zenon Konopka.

Period #2

0:01 of 2nd period - Nicklas Backstrom wins face-off versus Artem Anisimov in neutral zone.
0:13 of 2nd period - Minor Penalty to Nicklas Backstrom for Hooking.
0:14 of 2nd period - Josh Bailey wins face-off versus David Legwand in Predators zone.
0:52 of 2nd period - Chris Campoli is hit by Alexandre Burrows and loses puck.
1:25 of 2nd period - Shot by Patrick Kane.
1:25 of 2nd period - Shot Misses the Net.
1:27 of 2nd period - Shot by Mattias Ohlund.
1:27 of 2nd period - Stopped by Pekka Rinne with a rebound.
1:31 of 2nd period - Shot by Artem Anisimov.
1:31 of 2nd period - Stopped by Pekka Rinne without a rebound.
1:32 of 2nd period - Artem Anisimov wins face-off versus David Legwand in Predators zone.
1:35 of 2nd period - Shot by Patrick Kane.
1:35 of 2nd period - Shot Misses the Net.
1:47 of 2nd period - Shot by Patrick Kane.
1:47 of 2nd period - Deflect By Patrick Sharp.
1:47 of 2nd period - Shot Misses the Net.
1:54 of 2nd period - Icing by Mattias Ohlund.
1:55 of 2nd period - Jeff Carter wins face-off versus Patrick Sharp in BlackHawks zone.
1:55 of 2nd period - Cody Franson is hit by Tim Gleason and loses puck.
2:17 of 2nd period - Paul Kariya is hit by Thomas Vanek and loses puck.
2:34 of 2nd period - Shot by Patric Hornqvist.
2:34 of 2nd period - Shot Misses the Net.
2:43 of 2nd period - Minor Penalty to Adam Foote for Hooking.
2:44 of 2nd period - Jeff Carter wins face-off versus Samuel Pahlsson in BlackHawks zone.
3:14 of 2nd period - Off-side.
3:15 of 2nd period - Nicklas Backstrom wins face-off versus Wayne Primeau in neutral zone.
3:28 of 2nd period - Shot by Tomas Kaberle.
3:28 of 2nd period - Stopped by Mathieu Garon with a rebound.
3:32 of 2nd period - Shot by Shea Weber.
3:32 of 2nd period - Shot Misses the Net.
3:51 of 2nd period - Nicklas Backstrom is hit by Hal Gill and loses puck.
4:04 of 2nd period - Shot by Jeff Carter.
4:04 of 2nd period - Stopped by Mathieu Garon with a rebound.
4:06 of 2nd period - Shot by Scottie Upshall.
4:06 of 2nd period - Shot Misses the Net.
5:11 of 2nd period - Patrick Kane is hit by Braydon Coburn and loses puck.
5:15 of 2nd period - Icing by Zbynek Michalek.
5:16 of 2nd period - Steven Stamkos wins face-off versus Wayne Primeau in Predators zone.
5:16 of 2nd period - Steven Stamkos is hit by Chris Neil.
5:52 of 2nd period - Shot by Paul Kariya.
5:52 of 2nd period - Stopped by Pekka Rinne with a rebound.
6:19 of 2nd period - Minor Penalty to John Erskine for Roughing.
6:20 of 2nd period - Samuel Pahlsson wins face-off versus Jeff Carter in BlackHawks zone.
6:50 of 2nd period - Off-side.
6:51 of 2nd period - Josh Bailey wins face-off versus Nicklas Backstrom in neutral zone.
7:08 of 2nd period - Shot by Tomas Kaberle.
7:08 of 2nd period - Stopped by Mathieu Garon without a rebound.
7:09 of 2nd period - Josh Bailey wins face-off versus Simon Gagne in BlackHawks zone.
8:22 of 2nd period - Josh Bailey is hit by Eric Nystrom.
8:42 of 2nd period - Shot by Shea Weber.
8:42 of 2nd period - Deflect By Patrik Elias.
8:42 of 2nd period - Stopped by Mathieu Garon without a rebound.
8:43 of 2nd period - Steven Stamkos wins face-off versus Zenon Konopka in BlackHawks zone.
8:56 of 2nd period - Shot by Steven Stamkos.
8:56 of 2nd period - Deflect By Nicklas Backstrom.
8:56 of 2nd period - Goal by Nicklas Backstrom - Predators : 2 - BlackHawks : 0.
8:57 of 2nd period - Steven Stamkos wins face-off versus Wayne Primeau in neutral zone.
8:57 of 2nd period - Zbynek Michalek is hit by Chris Neil and loses puck.
9:04 of 2nd period - Shot by Alexandre Burrows.
9:04 of 2nd period - Deflect By Steven Stamkos.
9:04 of 2nd period - Stopped by Mathieu Garon without a rebound.
9:05 of 2nd period - Artem Anisimov wins face-off versus David Legwand in BlackHawks zone.
9:11 of 2nd period - Shot by Tim Gleason.
9:11 of 2nd period - Shot Blocked by Shea Weber.
9:13 of 2nd period - Shot by Artem Anisimov.
9:13 of 2nd period - Shot Misses the Net.
9:33 of 2nd period - Shot by David Legwand.
9:33 of 2nd period - Shot Misses the Net.
9:36 of 2nd period - Icing by Mattias Ohlund.
9:37 of 2nd period - Steven Stamkos wins face-off versus Tyler Kennedy in BlackHawks zone.
9:56 of 2nd period - Shot by Simon Gagne.
9:56 of 2nd period - Stopped by Mathieu Garon without a rebound.
9:57 of 2nd period - Wayne Primeau wins face-off versus Nicklas Backstrom in BlackHawks zone.
9:57 of 2nd period - Wayne Primeau is hit by Thomas Vanek.
10:02 of 2nd period - Chris Neil is hit by Brent Burns and loses puck.
10:08 of 2nd period - Icing by Brent Burns.
10:09 of 2nd period - Samuel Pahlsson wins face-off versus Nicklas Backstrom in Predators zone.
10:09 of 2nd period - Patrick Kane is hit by Brent Burns and loses puck.
10:27 of 2nd period - Brent Burns is hit by John Erskine and loses puck.
10:31 of 2nd period - Icing by John Erskine.
10:32 of 2nd period - Samuel Pahlsson wins face-off versus Steven Stamkos in BlackHawks zone.
10:32 of 2nd period - Samuel Pahlsson is hit by Alexandre Burrows.
11:08 of 2nd period - Shot by Alexandre Burrows.
11:08 of 2nd period - Stopped by Mathieu Garon with a rebound.
11:21 of 2nd period - Paul Kariya is hit by Alexandre Burrows.
11:55 of 2nd period - Shot by Patrick Sharp.
11:55 of 2nd period - Shot Misses the Net.
11:57 of 2nd period - Shot by Artem Anisimov.
11:57 of 2nd period - Deflect By Tyler Kennedy.
11:57 of 2nd period - Shot Misses the Net.
13:14 of 2nd period - Shot by Nicklas Backstrom.
13:14 of 2nd period - Stopped by Mathieu Garon without a rebound.
13:15 of 2nd period - David Legwand wins face-off versus Wayne Primeau in BlackHawks zone.
13:19 of 2nd period - Icing by Hal Gill.
13:20 of 2nd period - David Legwand wins face-off versus Paul Kariya in BlackHawks zone.
13:45 of 2nd period - Shot by Paul Kariya.
13:45 of 2nd period - Stopped by Pekka Rinne with a rebound.
13:47 of 2nd period - Shot by Chris Neil.
13:47 of 2nd period - Stopped by Pekka Rinne without a rebound.
13:48 of 2nd period - Zenon Konopka wins face-off versus Nicklas Backstrom in Predators zone.
13:56 of 2nd period - Minor Penalty to Tim Gleason for Holding.
13:57 of 2nd period - Wayne Primeau wins face-off versus Jeff Carter in BlackHawks zone.
13:57 of 2nd period - Wayne Primeau is hit by Scottie Upshall.
14:58 of 2nd period - Shot by Alexandre Burrows.
14:58 of 2nd period - Shot Misses the Net.
15:44 of 2nd period - Shot by Scottie Upshall.
15:44 of 2nd period - Shot Blocked by Wayne Primeau.
15:46 of 2nd period - Shot by Patric Hornqvist.
15:46 of 2nd period - Deflect By Jeff Carter.
15:46 of 2nd period - Stopped by Mathieu Garon without a rebound.
15:47 of 2nd period - Samuel Pahlsson wins face-off versus Nicklas Backstrom in BlackHawks zone.
16:20 of 2nd period - Shot by Patrick Sharp.
16:20 of 2nd period - Shot Blocked by Zbynek Michalek.
16:22 of 2nd period - Shot by Zenon Konopka.
16:22 of 2nd period - Deflect By Patrick Sharp.
16:22 of 2nd period - Stopped by Pekka Rinne without a rebound.
16:23 of 2nd period - Eric Nystrom wins face-off versus Artem Anisimov in Predators zone.
16:43 of 2nd period - Minor Penalty to Eric Nystrom for Hooking.
16:44 of 2nd period - Jeff Carter wins face-off versus Josh Bailey in Predators zone.
17:17 of 2nd period - Shot by Paul Kariya.
17:17 of 2nd period - Shot Misses the Net.
19:09 of 2nd period - Shot by Patrick Sharp.
19:09 of 2nd period - Shot Misses the Net.
19:12 of 2nd period - Minor Penalty to Chris Neil for Roughing.
19:13 of 2nd period - Wayne Primeau wins face-off versus Jeff Carter in BlackHawks zone.
19:24 of 2nd period - Shot by Jeff Carter.
19:24 of 2nd period - Goal by Jeff Carter - Predators : 3 - BlackHawks : 0.
19:25 of 2nd period - Samuel Pahlsson wins face-off versus Jeff Carter in neutral zone.
19:29 of 2nd period - Josh Bailey is hit by Tomas Kaberle and loses puck.
19:33 of 2nd period - Minor Penalty to Samuel Pahlsson for Hooking.
19:34 of 2nd period - Wayne Primeau wins face-off versus Nicklas Backstrom in BlackHawks zone.

Period #3

0:01 of 3rd period - Patrick Kane wins face-off versus Nicklas Backstrom in neutral zone.
0:31 of 3rd period - Minor Penalty to Tim Gleason for Roughing.
0:32 of 3rd period - Patrick Sharp wins face-off versus Jeff Carter in BlackHawks zone.
0:52 of 3rd period - Shot by Jeff Carter.
0:52 of 3rd period - Stopped by Mathieu Garon without a rebound.
0:53 of 3rd period - Patrik Elias wins face-off versus Wayne Primeau in BlackHawks zone.
1:16 of 3rd period - Shot by Shea Weber.
1:16 of 3rd period - Shot Misses the Net.
1:18 of 3rd period - Shot by Shea Weber.
1:18 of 3rd period - Shot Misses the Net.
1:20 of 3rd period - Shot by Shea Weber.
1:20 of 3rd period - Shot Blocked by Mattias Ohlund.
2:00 of 3rd period - Shot by Jeff Carter.
2:00 of 3rd period - Shot Misses the Net.
2:02 of 3rd period - Shot by Patric Hornqvist.
2:02 of 3rd period - Shot Blocked by Hal Gill.
2:39 of 3rd period - Shot by Patrick Sharp.
2:39 of 3rd period - Stopped by Pekka Rinne without a rebound.
2:40 of 3rd period - Zenon Konopka wins face-off versus Steven Stamkos in Predators zone.
2:58 of 3rd period - Patrick Kane is hit by Braydon Coburn and loses puck.
3:35 of 3rd period - Icing by Simon Gagne.
3:36 of 3rd period - Josh Bailey wins face-off versus Steven Stamkos in Predators zone.
3:38 of 3rd period - John Erskine beats up Simon Gagne.
3:38 of 3rd period - Penalty to John Erskine for Fighting.
3:38 of 3rd period - Penalty to Simon Gagne for Fighting.
3:38 of 3rd period - Penalty to John Erskine for instigated a fight.
3:38 of 3rd period - John Erskine is ejected from game.
3:39 of 3rd period - Nicklas Backstrom wins face-off versus Samuel Pahlsson in Predators zone.
3:46 of 3rd period - Adam Foote is hit by Patrik Elias and loses puck.
4:00 of 3rd period - Thomas Vanek is hit by Adam Foote.
4:39 of 3rd period - Shot by Brent Burns.
4:39 of 3rd period - Stopped by Mathieu Garon without a rebound.
4:40 of 3rd period - Wayne Primeau wins face-off versus Jeff Carter in BlackHawks zone.
4:58 of 3rd period - Scottie Upshall is hit by Tim Gleason and loses puck.
5:01 of 3rd period - Shot by Jeff Carter.
5:01 of 3rd period - Shot Blocked by Tim Gleason.
5:03 of 3rd period - Shot by Patric Hornqvist.
5:03 of 3rd period - Shot Misses the Net.
5:07 of 3rd period - Shot by Eric Nystrom.
5:07 of 3rd period - Stopped by Mathieu Garon without a rebound.
5:08 of 3rd period - Samuel Pahlsson wins face-off versus Nicklas Backstrom in BlackHawks zone.
6:01 of 3rd period - Shot by Alexandre Burrows.
6:01 of 3rd period - Shot Misses the Net.
6:13 of 3rd period - Icing by Alexandre Burrows.
6:14 of 3rd period - Zenon Konopka wins face-off versus Steven Stamkos in Predators zone.
6:31 of 3rd period - Shot by Patrick Sharp.
6:31 of 3rd period - Shot Misses the Net.
6:33 of 3rd period - Shot by Patrick Sharp.
6:33 of 3rd period - Shot Misses the Net.
6:35 of 3rd period - Shot by Zenon Konopka.
6:35 of 3rd period - Shot Misses the Net.
6:39 of 3rd period - Shot by Petr Sykora.
6:39 of 3rd period - Stopped by Pekka Rinne with a rebound.
6:43 of 3rd period - Shot by Patrick Sharp.
6:43 of 3rd period - Shot Misses the Net.
7:07 of 3rd period - Shot by Paul Kariya.
7:07 of 3rd period - Stopped by Pekka Rinne without a rebound.
7:08 of 3rd period - Samuel Pahlsson wins face-off versus Jeff Carter in Predators zone.
7:16 of 3rd period - Minor Penalty to Derek Morris for Roughing.
7:17 of 3rd period - Josh Bailey wins face-off versus Jeff Carter in Predators zone.
7:17 of 3rd period - Josh Bailey is hit by Shea Weber.
7:19 of 3rd period - Shot by Paul Kariya.
7:19 of 3rd period - Shot Misses the Net.
7:21 of 3rd period - Shot by Ron Hainsey.
7:21 of 3rd period - Shot Blocked by Cody Franson.
7:35 of 3rd period - Shot by Josh Bailey.
7:35 of 3rd period - Shot Misses the Net.
7:37 of 3rd period - Shot by Josh Bailey.
7:37 of 3rd period - Stopped by Pekka Rinne without a rebound.
7:38 of 3rd period - Jeff Carter wins face-off versus Artem Anisimov in Predators zone.
7:47 of 3rd period - Shea Weber is hit by Patrick Sharp and loses puck.
7:52 of 3rd period - Shot by Artem Anisimov.
7:52 of 3rd period - Stopped by Pekka Rinne with a rebound.
8:38 of 3rd period - Shot by Josh Bailey.
8:38 of 3rd period - Stopped by Pekka Rinne with a rebound.
10:05 of 3rd period - Petr Sykora is hit by Jeff Carter.
10:12 of 3rd period - Icing by Derek Morris.
10:13 of 3rd period - Jeff Carter wins face-off versus Wayne Primeau in Predators zone.
10:13 of 3rd period - Jeff Carter is hit by Chris Neil.
10:39 of 3rd period - Shot by Paul Kariya.
10:39 of 3rd period - Stopped by Pekka Rinne without a rebound.
10:40 of 3rd period - Samuel Pahlsson wins face-off versus Steven Stamkos in Predators zone.
11:19 of 3rd period - Shot by Braydon Coburn.
11:19 of 3rd period - Stopped by Mathieu Garon without a rebound.
11:20 of 3rd period - Wayne Primeau wins face-off versus Nicklas Backstrom in BlackHawks zone.
11:29 of 3rd period - Shot by Adam Foote.
11:29 of 3rd period - Stopped by Pekka Rinne without a rebound.
11:30 of 3rd period - Wayne Primeau wins face-off versus Thomas Vanek in Predators zone.
11:30 of 3rd period - Wayne Primeau is hit by Shea Weber.
12:07 of 3rd period - Off-side.
12:08 of 3rd period - Samuel Pahlsson wins face-off versus Steven Stamkos in neutral zone.
13:05 of 3rd period - Shot by Jeff Carter.
13:05 of 3rd period - Shot Hit the Post.
15:32 of 3rd period - Icing by Chris Campoli.
15:33 of 3rd period - Josh Bailey wins face-off versus Jeff Carter in BlackHawks zone.
16:19 of 3rd period - Off-side.
16:20 of 3rd period - Samuel Pahlsson wins face-off versus Nicklas Backstrom in neutral zone.
16:38 of 3rd period - Off-side.
16:39 of 3rd period - Samuel Pahlsson wins face-off versus Steven Stamkos in neutral zone.
18:54 of 3rd period - Minor Penalty to Tyler Kennedy for Hooking.
18:55 of 3rd period - Patric Hornqvist wins face-off versus Wayne Primeau in BlackHawks zone.
19:00 of 3rd period - Shot by Zbynek Michalek.
19:00 of 3rd period - Shot Misses the Net.
19:02 of 3rd period - Shot by Zbynek Michalek.
19:02 of 3rd period - Stopped by Mathieu Garon with a rebound.
19:04 of 3rd period - Shot by Zbynek Michalek.
19:04 of 3rd period - Stopped by Mathieu Garon with a rebound.
19:06 of 3rd period - Shot by Patric Hornqvist.
19:06 of 3rd period - Deflect By Simon Gagne.
19:06 of 3rd period - Shot Misses the Net.
19:08 of 3rd period - Shot by Simon Gagne.
19:08 of 3rd period - Stopped by Mathieu Garon with a rebound.
19:10 of 3rd period - Shot by Simon Gagne.
19:10 of 3rd period - Shot Blocked by Hal Gill.
19:12 of 3rd period - Shot by Zbynek Michalek.
19:12 of 3rd period - Shot Blocked by Paul Kariya.
19:14 of 3rd period - Shot by Zbynek Michalek.
19:14 of 3rd period - Shot Misses the Net.
19:18 of 3rd period - Shot by Patric Hornqvist.
19:18 of 3rd period - Shot Misses the Net.
19:20 of 3rd period - Shot by Simon Gagne.
19:20 of 3rd period - Stopped by Mathieu Garon with a rebound.
19:22 of 3rd period - Shot by Brent Burns.
19:22 of 3rd period - Goal by Brent Burns - Predators : 4 - BlackHawks : 0.
19:23 of 3rd period - Artem Anisimov wins face-off versus Steven Stamkos in neutral zone.
19:34 of 3rd period - Tyler Kennedy is hit by Alexandre Burrows.
19:35 of 3rd period - Icing by Tyler Kennedy.
19:36 of 3rd period - Artem Anisimov wins face-off versus David Legwand in BlackHawks zone.
19:38 of 3rd period - Minor Penalty to Eric Nystrom for Hooking.
19:39 of 3rd period - Jeff Carter wins face-off versus Josh Bailey in Predators zone.
19:53 of 3rd period - Shot by Patrick Kane.
19:53 of 3rd period - Shot Misses the Net.
19:55 of 3rd period - Shot by Ron Hainsey.
19:55 of 3rd period - Shot Misses the Net.
19:57 of 3rd period - Shot by Ron Hainsey.
19:57 of 3rd period - Stopped by Pekka Rinne without a rebound.
19:58 of 3rd period - Jeff Carter wins face-off versus Artem Anisimov in Predators zone.


Output by the SimonT Hockey Simulator (STHS) for Stephane Roy -- Original Page W3C XHTML 1.0 Valid